 Dungeon Crawl Stone Soup version 0.30.0 (webtiles) character file.

Game seed: 15225260389481780577

65 Jonnyslop the Trooper (level 4, -3/29 HPs)
             Began as a Gargoyle Fighter on Aug 15, 2023.
             Slain by Ijyb
             ... wielding a +0 club
              (5 damage)
             ... on level 3 of the Dungeon.
             The game lasted 00:03:22 (1543 turns).

Jonnyslop the Trooper (Gargoyle Fighter)            Turns: 1543, Time: 00:03:23

Health: -3/29      AC:  0    Str: 21    XL:     4   Next: 14%
Magic:  4/4        EV: 13    Int:  9    God:
Gold:   106        SH:  0    Dex:  9    Spells: 3/3 levels left

rFire   . . .        a - melded +1 flail
rCold   . . .        c - melded +0 buckler
rNeg    + . .        k - melded +0 chain mail
rPois   ∞            (helmet currently unavailable)
rElec   .            (cloak currently unavailable)
rCorr   .            (gloves currently unavailable)
SInv    .            (boots currently unavailable)
Will    .....        (no amulet)
Stlth   +            (ring currently unavailable)
HPRegen 0.24/turn    (ring currently unavailable)
MPRegen 0.09/turn

%: no passive effects
@: pig-form, very quick
A: fast, no casting, sickness immunity, AC +3, small, negative energy resistance
1, (electricity resistance), torment resistance 1, petrification resistance
a: no special abilities


You were on level 3 of the Dungeon.
You were a filthy swine.
You visited 1 branch of the dungeon, and saw 3 of its levels.

You collected 150 gold pieces.
You spent 44 gold pieces at shops.

Inventory:

Hand Weapons
 a - a +1 flail (melded)
Missiles
 b - 3 atropa-tipped darts (quivered)
Armour
 c - a +0 buckler (melded)
 g - a +0 kite shield
 k - a +0 chain mail (melded)
Scrolls
 f - 2 scrolls of enchant weapon
 h - 3 scrolls of identify
 m - a scroll of immolation {unknown}
Potions
 d - a potion of might
 e - a potion of lignification {unknown}
 i - a potion of haste {unknown}
 j - a potion of flight {unknown}
 l - a potion of resistance {unknown}


   Skills:
 + Level 4.1 Fighting
 * Level 3.7 Maces & Flails
 - Level 3.2 Armour
 - Level 3.2 Shields


You had 3 spell levels left.
You didn't know any spells.
Your spell library was empty.

Dungeon Overview and Level Annotations

Branches:
Dungeon (3/15)

Altars:

Shops:
D:1 ?([((

Annotations:
D:3 Ijyb


Innate Abilities, Weirdness & Mutations

You are a filthy swine.
You move quickly.
Your equipment is almost entirely melded.
You are incapable of wielding weapons or throwing items.
You cannot cast spells.
You are immune to sickness and miasma.
((Your stone body is resilient. (AC +3)))
You are immune to poison.
You resist negative energy. (rN+)
((You are resistant to electric shocks. (rElec)))
You are resistant to unholy torment.
You are immune to petrification.


Message History

Ijyb is moderately wounded.
Ijyb completely misses you.
You barely miss Ijyb.
Ijyb is moderately wounded.
Ijyb misses you.
You hit Ijyb.
Ijyb is moderately wounded.
Ijyb hits you with a +0 club.
You are too injured to fight recklessly!
You are too injured to fight recklessly!
You are too injured to fight recklessly!
You are too injured to fight recklessly!
You are too injured to fight recklessly!
You are too injured to fight recklessly!
You are too injured to fight recklessly!
You are too injured to fight recklessly!
You are too injured to fight recklessly!
You are too injured to fight recklessly!
You are too injured to fight recklessly!
You are too injured to fight recklessly!
You are too injured to fight recklessly!
You are too injured to fight recklessly!
You hit Ijyb but do no damage.
Ijyb is moderately wounded.
Ijyb closely misses you.
You hit Ijyb but do no damage.
Ijyb is moderately wounded.
Ijyb hits you with a +0 club.
You hit Ijyb but do no damage.
Ijyb is moderately wounded.
Ijyb hits you with a +0 club.
* * * LOW HITPOINT WARNING * * *
You hit Ijyb but do no damage.
Ijyb is moderately wounded.
Ijyb hits you with a +0 club.
* * * LOW HITPOINT WARNING * * *
You barely miss Ijyb.
Ijyb is moderately wounded.
Ijyb hits you with a +0 club.
You die...

.... ...
...####.####
...........#
#.......#
#####.......#
#........####
#.....<.## ###.#
####.####g.#.....#
#$...$....#h..#
..##.##..#[###
#.#.#.#.###
#.##...##.#.#####
..$...$...........
.#.##...##r###....
#.#.#.#K# ..
..##.##g.#
#$...$....## #


You could see Ijyb.

Vanquished Creatures
  4 adders (D:2)
  A worm (D:2)
  An endoplasm (D:1)
  2 giant cockroaches (D:2)
  5 hobgoblins (D:1)
  3 kobolds
  2 quokkas (D:1)
  A ball python (D:1)
  3 bats
  A frilled lizard (D:1)
  4 rats
27 creatures vanquished.

Vanquished Creatures (collateral kills)
  A goblin (D:2)
1 creature vanquished.

Grand Total: 28 creatures vanquished

Notes
Turn   | Place    | Note
-------+----------+-------------------------------------------
     0 | D:1      | Jonnyslop the Gargoyle Fighter began the quest for the Orb.
     0 | D:1      | Reached XP level 1. HP: 14/14 MP: 1/1
    68 | D:1      | Reached XP level 2. HP: 18/19 MP: 2/2
   112 | D:1      | Found Jeajoe's Weapon Boutique.
   128 | D:1      | Found Istrub's Antique Armour Emporium.
   153 | D:1      | Found Lantep's Antique Weapon Shoppe.
   283 | D:1      | Found Wikhlaox's Weapon Emporium.
   508 | D:1      | Found Guewidawk's Magic Scroll Shop.
   511 | D:1      | Bought a scroll of identify for 22 gold pieces
   511 | D:1      | Bought a scroll of identify for 22 gold pieces
   900 | D:2      | Reached XP level 3. HP: 24/24 MP: 3/3
  1267 | D:2      | Reached skill level 4 in Fighting
  1290 | D:2      | Reached XP level 4. HP: 29/29 MP: 4/4
  1496 | D:3      | Noticed Ijyb
  1543 | D:3      | Slain by Ijyb

Illustrated notes

Levels and vault maps discovered:
D:1:      beargit_arrival_diablo_church, layout_loops_ring, serial_shops,
          nicolae_shop_tiny_statue_garden, shop, shop, nicolae_square_shop,
          nicolae_shop_real_fake_doors, minmay_tetromino_o4
D:2:      layout_basic
D:3:      layout_rooms, serial_glass, glass_columns_b, glass_columns_a,
          roderic_three_in_a_row, kennysheep_generic_room_12, uniq_ijyb

Skill      XL: |  1  2  3 |
---------------+----------+-----
Maces & Flails | 3 |  3.7
Fighting       | 4 |  4.1
Armour         | |  3.2
Shields        | |  3.2

Action                     |  1- 3 |  4- 6 || total
---------------------------+-------+-------++-------
  Melee: Flail             |    81 |    18 ||    99
         Unarmed           |       |    14 ||    14
    Use: Scroll            |     5 |       ||     5
 Armour: Scale mail        |    36 |       ||    36
         Chain mail        |    12 |     8 ||    20
  Dodge: Dodged            |    35 |    12 ||    47
  Block: Buckler           |    20 |     1 ||    21
